Map: Eternal Empire LE

Players

Ratl - Winner!

  • Race: Zerg Zerg
  • League: Silver
  • Spawn Location: 7:00

Chacal

  • Race: Terran Terran
  • Spawn Location: 1:00

VOD

Have the link to the VOD?

Description

Time

  • Played on: Jan. 14, 2020, 4:37 p.m.
  • Length: 4:42
Show
View Real Time Build Order
Export as new Build Order

Ratl Zerg - Winner!

Build Orders: Pool Only 

Get SALT Encoding   

  12  0:03  Drone  
  13  0:12  Overlord  
  13  0:21  Drone  
  14  0:36  Spawning Pool  
  14  0:40  Drone  
  14  0:43  Drone  
  15  0:56  Drone  
  16  0:57  Drone  
  17  1:22  Evolution Chamber  
  17  1:24  Zergling x4  
  17  1:25  Zergling x2  
  19  1:37  Drone  
  20  1:48  Zergling x2  
  21  1:59  Zergling x2  
  22  2:13  Overlord  
  22  2:31  Queen  
  22  2:32  Zergling x2  
  25  2:38  Zergling x2  
  26  2:57  Zergling x4  
  28  3:18  Drone x2  
  30  3:28  Extractor  
  29  3:44  Drone  
  29  3:46  Overlord  
  29  4:16  Zergling x8  
Show
View Real Time Build Order
Export as new Build Order

Chacal Terran 

Build Orders:  

Get SALT Encoding   

  12  0:04  SCV  
  13  0:16  SCV  
  14  0:28  SCV  
  15  0:29  Supply Depot  
  15  0:51  SCV  
  16  0:58  Barracks  
  16  1:03  SCV  
  17  1:14  Supply Depot  
  17  1:15  SCV  
  18  1:27  SCV  
  19  1:37  Supply Depot  
  19  1:39  SCV  
  20  1:51  SCV  
  21  2:03  SCV  
  21  2:04  Engineering Bay  
  22  2:09  Refinery  
  22  2:13  Refinery  
  22  2:15  SCV  
  23  2:25  Supply Depot  
  23  2:28  SCV  
  24  2:36  Marine  
  25  2:38  Supply Depot  
  25  2:51  Barracks, Command Center  
  25  2:54  Marine  
  26  3:02  Supply Depot  
  26  3:10  SCV  
  26  3:12  Marine  
  28  3:22  SCV  
  29  3:28  Supply Depot  
  29  3:29  Marine  
  30  3:34  SCV  
  31  3:46  SCV  
  31  3:47  Marine  
  33  3:58  SCV  
  33  4:01  Barracks  
  34  4:05  Reaper  
  30  4:10  SCV  
  25  4:22  SCV  
Tags
 
League
Silver
Matchup
TvZ
Opening
Pool Only
Spawn Locations
Cross Positions
Add a new tag
Caveats
  • Supply blocks, unpowered buildings, or Contaminate may cause inaccurate times.
  • Supply counts are checked every 10 seconds.